 Dungeon Crawl Stone Soup version 0.28-a0-1518-gbe868bca14 (webtiles) character file.

Game seed: 1174073842922822306

20933 oldriver the Carver (level 12, -1/145 HPs)
             Began as a Gnoll Cinder Acolyte on Jan 16, 2022.
             Was a Priest of Ignis.
             Slain by a killer bee (7 damage)
             ... on level 2 of the Lair of Beasts.
             The game lasted 00:34:07 (17173 turns).

oldriver the Carver (Gnoll Cinder Acolyte)         Turns: 17173, Time: 00:34:16

Health: -1/145     AC: 26    Str: 17    XL:     12   Next: 84%
Magic:  11/24      EV:  2    Int: 14    God:    Ignis [***...]
Gold:   849        SH:  6    Dex: 15    Spells: 9/27 levels left

rFire   + . .      SeeInvis .   m - +5 whip (elec)
rCold   . . .      Faith    .   B - +0 buckler
rNeg    . . .      Spirit   .   (armour currently unavailable)
rPois   +          Reflect  .   (helmet currently unavailable)
rElec   .          Harm     .   (cloak currently unavailable)
rCorr   .          Rampage  .   (gloves currently unavailable)
Will    .....      NoTele   +   (boots currently unavailable)
Stlth   ++++......              (no amulet)
HPRegen 0.34/turn               p - +6 ring of dexterity
MPRegen 0.19/turn               (no ring)

@: tree-form, wereblooded, rising
A: stationary, stasis, torment immunity, boosted hp, (fangs 1), strong nose,
distributed training
a: Renounce Religion, Fiery Armour, Foxfire Swarm


You were on level 2 of the Lair of Beasts.
You worshipped Ignis.
Ignis was most pleased with you.
You were a tree.
You visited 2 branches of the dungeon, and saw 11 of its levels.

You collected 849 gold pieces.

Inventory:

Hand Weapons
 m - a +5 whip of electrocution (weapon)
Missiles
 l - 13 boomerangs
 u - 13 poisoned darts
 y - a throwing net
 F - 5 atropa-tipped darts
Armour
 a - a +0 helmet (melded)
 r - a +1 troll leather armour (melded)
 v - a +2 pair of gloves (melded)
 B - a +0 buckler (worn)
 E - a +2 kite shield
Magical Staves
 f - a staff of poison
Jewellery
 p - a +6 ring of dexterity (left branch)
Wands
 x - a wand of paralysis (14)
 A - a wand of charming (2)
Scrolls
 b - 2 scrolls of fog
 j - 6 scrolls of teleportation
 z - 2 scrolls of identify
 C - a scroll of magic mapping
Potions
 c - 3 potions of magic
 d - a potion of ambrosia
 e - 4 potions of curing
 g - 2 potions of mutation
 h - 4 potions of degeneration
 i - 2 potions of resistance {unknown}
 n - 2 potions of flight
 o - a potion of might
 s - a potion of haste
 t - a potion of attraction
Miscellaneous
 G - a phantom mirror (inert)


   Skills:
 + Level 10.1 Fighting
 + Level 7.7 Short Blades
 + Level 10.1 Long Blades
 + Level 7.7 Axes
 + Level 7.7 Maces & Flails
 + Level 7.7 Polearms
 + Level 7.7 Staves
 + Level 7.7 Slings
 + Level 7.7 Bows
 + Level 7.7 Crossbows
 + Level 7.7 Throwing
 + Level 7.7 Armour
 + Level 7.7 Dodging
 + Level 7.7 Stealth
 + Level 7.7 Shields
 + Level 7.7 Unarmed Combat
 + Level 8.2 Spellcasting
 + Level 6.3 Conjurations
 + Level 6.3 Hexes
 + Level 6.3 Summonings
 + Level 6.3 Necromancy
 + Level 6.3 Translocations
 + Level 6.3 Transmutations
 + Level 8.5 Fire Magic
 + Level 6.3 Ice Magic
 + Level 6.3 Air Magic
 + Level 6.3 Earth Magic
 + Level 6.3 Poison Magic
 + Level 8.4 Invocations
 + Level 7.7 Evocations


You had 9 spell levels left.
You knew the following spells:

 Your Spells              Type           Power      Damage    Failure   Level
a - Wereblood             Tmut           23%        N/A       1%          2
b - Call Imp              Summ           23%        N/A       1%          2
c - Conjure Flame         Conj/Fire      26%        6-21      2%          3
d - Scorch                Fire           58%        2d8       1%          2
e - Ozocubu's Armour      Ice            23%        N/A       3%          3
j - Mephitic Cloud        Conj/Pois/Air  23%        N/A       3%          3
k - Ignite Poison         Fire/Tmut/Pois 25%        N/A       2%          3

Your spell library contained the following spells:

 Spells                   Type           Power      Damage    Failure   Level
 Animate Skeleton         Necr           46%        N/A       1%          1
 Beastly Appendage        Tmut           46%        N/A       1%          1
 Magic Dart               Conj           92%        1d7       1%          1
 Pain                     Necr           92%        1d8       1%          1
 Corpse Rot               Necr/Air       46%        N/A       1%          2
 Poisonous Vapours        Pois/Air       46%        N/A       1%          2
 Searing Ray              Conj           46%        2d6       1%          2
 Static Discharge         Conj/Air       23%        N/A       1%          2
 Sublimation of Blood     Necr           23%        N/A       1%          2
 Inner Flame              Hex/Fire       26%        N/A       2%          3
 Frozen Ramparts          Ice            46%        1d6       3%          3
 Spider Form              Tmut/Pois      23%        N/A       3%          3
 Vampiric Draining        Necr           23%        2d7       3%          3
 Sticky Flame             Conj/Fire      26%        2d5       7%          4
 Cause Fear               Hex            11%        N/A       11%         4
 Dispel Undead            Necr           23%        3d12      11%         4
 Fulminant Prism          Conj/Hex       11%        3d9       11%         4
 Ice Form                 Ice/Tmut       23%        N/A       11%         4
 Petrify                  Tmut/Erth      23%        N/A       11%         4
 Summon Ice Beast         Ice/Summ       23%        N/A       11%         4
 Irradiate                Conj/Tmut      11%        3d17      30%         5
 Metabolic Englaciation   Hex/Ice        11%        N/A       30%         5
 Simulacrum               Ice/Necr       11%        N/A       86%         6
 Discord                  Hex            11%        N/A       100%        8
 Chain Lightning          Conj/Air       11%        3d15      100%        9
 Fire Storm               Conj/Fire      13%        8d3       100%        9
 Shatter                  Erth           11%        3d12*     100%        9


Dungeon Overview and Level Annotations

Branches:
Dungeon (9/15)             Temple (0/1) D:6            Lair (2/6) D:9
  Swamp: Lair:2-4    Shoals: Lair:2-4     Snake: Lair:2-4    Spider: Lair:2-4
    Orc: D:9-12

Altars:
Ashenzari
Dithmenos
Gozag
Kikubaaqudgha
Makhleb
Ru

Shops:
D:7 *

Annotations:
D:5 3 runed translucent doors, murtidash's ghost, weakling HODe


Innate Abilities, Weirdness & Mutations

You are a tree.
Your roots penetrate the ground, keeping you stationary.
You cannot be teleported.
You are immune to unholy pain and torment.
Your maximum health is greatly increased.
Your equipment is partially melded.
((You have very sharp teeth.))
Your uncanny sense of smell can sniff out nearby items.
Your experience applies equally to all skills.


Message History

The killer bee rages.
The killer bee stings you but does no damage.
You block the killer bee's attack. The killer bee stings you!
* * * LOW HITPOINT WARNING * * *
The killer bee stings you!
* * * LOW HITPOINT WARNING * * *
The killer bee stings you!
* * * LOW HITPOINT WARNING * * *
The killer bee completely misses you.
You feel better. You block the killer bee's attack.
The killer bee stings you but does no damage.
You block the killer bee's attack.
The killer bee stings you but does no damage.
You block the killer bee's attack. The killer bee stings you.
* * * LOW HITPOINT WARNING * * *
You feel much better.
The killer bee stings you but does no damage.
The killer bee stings you!
* * * LOW HITPOINT WARNING * * *
The killer bee stings you but does no damage. x4
As you read the scroll of fear, it crumbles to dust.
You assume a fearsome visage.
The killer bee is unaffected. x2
The queen bee looks frightened!
The killer bee is unaffected.
The killer bee looks frightened!
The killer bee stings you but does no damage.
You block the killer bee's attack.
The killer bee stings you but does no damage. x2
The killer bee stings you.
* * * LOW HITPOINT WARNING * * *
The killer bee stings you.
* * * LOW HITPOINT WARNING * * *
Okay, then.
Unknown command.
You begin to rise into the air.
The killer bee stings you!
* * * LOW HITPOINT WARNING * * *
The killer bee stings you but does no damage.
You block the killer bee's attack.
The killer bee stings you but does no damage. x2
The killer bee stings you!
You die...

##....##P....## #....
##...........# #...#
##...........# #...#
#.....##....P####.....(
##...###.....#..###...#
#...# #...............
####### ##..............
#y.yyyy##P..............
∆∆∆ #y♣....######......
∆ ∆#.......# ....#
∆∆∆∆####........ .... ∆
∆∆ #......... ...
#......... .. .
.....##P## ##....# ##
.....#


You could see a queen bee (fleeing) and 5 killer bees.

Vanquished Creatures
  Gastronok (Lair:2)
  7 hydras
  3 two-headed ogres (D:9)
  Pikel (D:6)
  An ugly thing (D:7)
  2 elephants
  3 cane toads
  A kobold demonologist (D:7)
  A komodo dragon (Lair:2)
  A burning bush (Lair:1)
  A hornet (D:8)
  2 trolls (D:5)
  Grinder (D:6)
  A shadow (D:9)
  A wraith (D:9)
  5 wyverns
  17 yaks
  2 basilisks
  Eustachio (D:4)
  A steam dragon (D:8)
  Edmund (D:3)
  10 water moccasins
  2 orc warriors
  A sky beast (D:6)
  3 black bears
  2 ogres (D:5)
  3 phantoms
  3 centaurs
  2 lemures (D:6)
  6 bullfrogs
  2 kobold brigands
  Blork the orc (D:5)
  2 wyvern zombies
  3 gnoll sergeants
  2 scorpions
  3 water moccasin skeletons
  24 killer bees
  3 electric eels (D:8)
  3 howler monkeys
  3 centaur zombies (D:9)
  2 bullfrog zombies
  3 hounds
  A jelly (D:7)
  5 orc priests
  3 centaur skeletons
  2 gnoll shamans (D:7)
  A scorpion zombie (D:4)
  An iguana (D:4)
  13 orc wizards
  A hound zombie (D:5)
  3 hound skeletons
  Robin (D:3)
  8 adders
  11 gnolls
  A shadow imp (D:7)
  A white imp (D:6)
  An adder skeleton (D:4)
  2 worms
  2 dart slugs
  22 orcs
  6 bats
  8 endoplasms
  5 giant cockroaches
  15 goblins
  13 hobgoblins
  6 jackals (D:2)
  10 kobolds
  4 quokkas
  10 ball pythons
  3 frilled lizards
  4 rats
300 creatures vanquished.

Vanquished Creatures (others)
  A manticore (D:9)
  5 fungi
  6 plants
12 creatures vanquished.

Grand Total: 312 creatures vanquished

Notes
Turn   | Place    | Note
-------+----------+-------------------------------------------
     0 | D:1      | oldriver the Gnoll Cinder Acolyte began the quest for the
                  | Orb.
     0 | D:1      | Reached XP level 1. HP: 23/23 MP: 4/4
   283 | D:1      | Reached XP level 2. HP: 26/29 MP: 5/5
   455 | D:1      | Learned a level 2 spell: Scorch
   885 | D:1      | Reached XP level 3. HP: 31/35 MP: 4/7
  1188 | D:1      | Found a faded altar of an unknown god.
  1602 | D:2      | Found a sacrificial altar of Ru.
  1639 | D:2      | Reached skill level 1 in Invocations
  2093 | D:2      | Reached skill level 1 in Short Blades
  2093 | D:2      | Reached skill level 1 in Axes
  2093 | D:2      | Reached skill level 1 in Maces & Flails
  2093 | D:2      | Reached skill level 1 in Polearms
  2093 | D:2      | Reached skill level 1 in Staves
  2093 | D:2      | Reached skill level 1 in Slings
  2093 | D:2      | Reached skill level 1 in Bows
  2093 | D:2      | Reached skill level 1 in Crossbows
  2093 | D:2      | Reached skill level 1 in Throwing
  2093 | D:2      | Reached skill level 1 in Armour
  2093 | D:2      | Reached skill level 1 in Dodging
  2093 | D:2      | Reached skill level 1 in Stealth
  2093 | D:2      | Reached skill level 1 in Shields
  2093 | D:2      | Reached skill level 1 in Unarmed Combat
  2093 | D:2      | Reached skill level 1 in Evocations
  2094 | D:2      | Reached XP level 4. HP: 41/41 MP: 0/8
  2826 | D:2      | Reached skill level 1 in Conjurations
  2826 | D:2      | Reached skill level 1 in Hexes
  2826 | D:2      | Reached skill level 1 in Summonings
  2826 | D:2      | Reached skill level 1 in Necromancy
  2826 | D:2      | Reached skill level 1 in Translocations
  2826 | D:2      | Reached skill level 1 in Transmutations
  2826 | D:2      | Reached skill level 1 in Ice Magic
  2826 | D:2      | Reached skill level 1 in Air Magic
  2826 | D:2      | Reached skill level 1 in Earth Magic
  2826 | D:2      | Reached skill level 1 in Poison Magic
  3728 | D:3      | Reached XP level 5. HP: 47/47 MP: 9/9
  3951 | D:4      | Noticed Robin
  4170 | D:3      | Killed Robin
  4446 | D:4      | Noticed Edmund
  4721 | D:3      | Killed Edmund
  4722 | D:3      | Reached XP level 6. HP: 15/53 MP: 9/11
  5261 | D:4      | Reached XP level 7. HP: 25/59 MP: 1/12
  5726 | D:4      | Noticed Eustachio
  5734 | D:4      | Killed Eustachio
  6188 | D:5      | Entered Level 5 of the Dungeon
  6190 | D:5      | Noticed Blork the orc
  6202 | D:4      | Reached XP level 8. HP: 52/67 MP: 4/14
  6562 | D:5      | Noticed a troll
  6700 | D:5      | Learned a level 2 spell: Call Imp
  6704 | D:5      | Learned a level 3 spell: Mephitic Cloud
  7174 | D:5      | Killed Blork the orc
  7577 | D:5      | Noticed a troll
  7624 | D:5      | Found an ancient bone altar of Kikubaaqudgha.
  7636 | D:5      | Killed a troll
  7642 | D:5      | Identified the +2 robe of Misanthropy {Str+3 Int+3}
  7693 | D:5      | Reached XP level 9. HP: 55/72 MP: 4/16
  7812 | D:5      | Found a runed translucent gate.
  7813 | D:5      | Found a runed translucent gate.
  7813 | D:5      | Found an opulent altar of Gozag.
  7814 | D:5      | Found a runed translucent gate.
  7830 | D:5      | Killed a troll
  7894 | D:5      | Found a burning altar of Makhleb.
  8005 | D:5      | Noticed murtidash's ghost (weakling HODe)
  8039 | D:5      | Learned a level 2 spell: Wereblood
  8061 | D:6      | Found a staircase to the Ecumenical Temple.
  8189 | D:6      | Reached skill level 5 in Spellcasting
  8423 | D:6      | Noticed Grinder
  8426 | D:6      | Paralysed by Grinder for 3 turns
  8436 | D:6      | Noticed Pikel
  8466 | D:6      | Killed Pikel
  8476 | D:6      | Killed Grinder
  8617 | D:6      | Reached skill level 5 in Invocations
  9191 | D:7      | Found Weuxeeps's Neck Hole.
  9381 | D:7      | Noticed a brown ugly thing
  9410 | D:7      | Killed a brown ugly thing
  9411 | D:7      | Reached XP level 10. HP: 33/80 MP: 16/18
  9516 | D:7      | Noticed a kobold demonologist
  9524 | D:7      | Killed a kobold demonologist
  9525 | D:7      | Reached skill level 5 in Short Blades
  9525 | D:7      | Reached skill level 5 in Axes
  9525 | D:7      | Reached skill level 5 in Maces & Flails
  9525 | D:7      | Reached skill level 5 in Polearms
  9525 | D:7      | Reached skill level 5 in Staves
  9525 | D:7      | Reached skill level 5 in Slings
  9525 | D:7      | Reached skill level 5 in Bows
  9525 | D:7      | Reached skill level 5 in Crossbows
  9525 | D:7      | Reached skill level 5 in Throwing
  9525 | D:7      | Reached skill level 5 in Armour
  9525 | D:7      | Reached skill level 5 in Dodging
  9525 | D:7      | Reached skill level 5 in Stealth
  9525 | D:7      | Reached skill level 5 in Shields
  9525 | D:7      | Reached skill level 5 in Unarmed Combat
  9525 | D:7      | Reached skill level 5 in Evocations
 10562 | D:8      | Found a broken altar of Ashenzari.
 10667 | D:8      | Paralysed by a hornet for 1 turns
 11679 | D:8      | Found a broken altar of Ashenzari.
 12059 | D:7      | Reached XP level 11. HP: 58/87 MP: 2/20
 12590 | D:9      | Found a shadowy altar of Dithmenos.
 12645 | D:9      | Noticed a two-headed ogre
 12856 | D:9      | Noticed a two-headed ogre
 12874 | D:9      | Killed a two-headed ogre
 12875 | D:9      | Reached skill level 5 in Conjurations
 12875 | D:9      | Reached skill level 5 in Hexes
 12875 | D:9      | Reached skill level 5 in Summonings
 12875 | D:9      | Reached skill level 5 in Necromancy
 12875 | D:9      | Reached skill level 5 in Translocations
 12875 | D:9      | Reached skill level 5 in Transmutations
 12875 | D:9      | Reached skill level 5 in Ice Magic
 12875 | D:9      | Reached skill level 5 in Air Magic
 12875 | D:9      | Reached skill level 5 in Earth Magic
 12875 | D:9      | Reached skill level 5 in Poison Magic
 13035 | D:9      | Noticed a two-headed ogre
 13087 | D:9      | Killed a two-headed ogre
 13560 | D:9      | Killed a manticore
 13654 | D:9      | Noticed a cyclops
 13654 | D:9      | Noticed a death knight
 13890 | D:9      | Found a staircase to the Lair.
 14288 | D:9      | Killed a two-headed ogre
 14539 | D:9      | Noticed a skeletal warrior
 14592 | Lair:1   | Entered Level 1 of the Lair of Beasts
 14913 | Lair:1   | Learned a level 3 spell: Ozocubu's Armour
 14917 | Lair:1   | Learned a level 3 spell: Ignite Poison
 14988 | Lair:1   | Reached XP level 12. HP: 95/96 MP: 3/23
 15267 | Lair:1   | Noticed a four-headed hydra
 15272 | Lair:1   | Learned a level 3 spell: Conjure Flame
 15284 | Lair:1   | Killed a four-headed hydra
 15372 | Lair:1   | Noticed a five-headed hydra
 15379 | Lair:1   | Killed a five-headed hydra
 15399 | Lair:1   | Noticed a four-headed hydra
 15408 | Lair:1   | Killed a four-headed hydra
 15421 | Lair:1   | Noticed a seven-headed hydra
 15430 | Lair:1   | Killed a seven-headed hydra
 15982 | Lair:2   | Noticed a four-headed hydra
 15985 | Lair:2   | Noticed a four-headed hydra
 15989 | Lair:2   | Killed a four-headed hydra
 16648 | Lair:2   | Noticed Gastronok
 16666 | Lair:2   | Killed a four-headed hydra
 16667 | Lair:2   | Reached skill level 10 in Fighting
 16667 | Lair:2   | Reached skill level 10 in Long Blades
 16681 | Lair:2   | Killed Gastronok
 16777 | Lair:2   | Noticed a four-headed hydra
 16786 | Lair:2   | Killed a four-headed hydra
 17169 | Lair:2   | HP: 6/145 [killer bee (7)]
 17173 | Lair:2   | Slain by a killer bee

Illustrated notes

Levels and vault maps discovered:
D:1:      dpeg_arrival_rooms_a, layout_basic,
          shapermc_ecumenical_altar_mp_vishouse, minmay_misc_feat_plants,
          minmay_misc_feat_tiny, hangedman_decor_points, minmay_vboxes
D:2:      layout_basic, basic_altar
D:3:      wad_pebble_path, layout_basic, interstate_on_off
D:4:      minmay_bubble_buster, layout_basic, uniq_edmund, uniq_robin,
          uniq_eustachio
D:5:      layout_rooms, ebering_ghost_gozag, st_stairs_2,
          hangedman_feature_mirror, uniq_blork_the_orc
D:6:      layout_cave_pools, minmay_temple_entry_slanted, skrybe_limestone_x,
          minmay_misc_feat_nine_boxes, chequers_mini_garden, uniq_pikel,
          uniq_grinder
D:7:      minmay_opposing_rooms, layout_basic, nicolae_shop_sticking_my_neck_out
D:8:      layout_cave_pools, serial_bayou, serial_bayou_pond_a,
          serial_bayou_shore_b, serial_bayou_lagoon_a, serial_bayou_crossing,
          hangedman_feature_mirror, kennysheep_dice
D:9:      minmay_the_grid_triangle_9x9_rhombus_full
          [minmay_the_grid_triangle_9x9_alien,
          minmay_the_grid_triangle_9x9_flanged_cone,
          minmay_the_grid_triangle_9x9_windchime,
          minmay_the_grid_triangle_9x9_empty,
          minmay_the_grid_triangle_9x9_odd_lines,
          minmay_the_grid_triangle_9x9_zippers_horizontal,
          minmay_the_grid_triangle_9x9_sparse_checkered,
          minmay_the_grid_triangle_9x9_prize_center], layout_small_grid,
          grunt_dithmenos_smoke, david_lair_generic
Lair:1:   layout_chaotic_city, evilmike_ambush [evilmike_ambush_outer_corners,
          evilmike_ambush_inner_basic], serial_bayou_shore_b, grunt_megastairs_1
Lair:2:   layout_small_grid, special_room [special_room_bee], st_stairs_8,
          nicolae_quartered_pool_impasse, uniq_gastronok

Skill      XL: |  1  2  3  4  5  6  7  8  9 10 11 12 |
---------------+-------------------------------------+-----
Invocations    | 1 2 3 4 5 6 7 8 |  8.4
Short Blades   | 1 2 3 4 5 6 7 |  7.7
Axes           | 1 2 3 4 5 6 7 |  7.7
Maces & Flails | 1 2 3 4 5 6 7 |  7.7
Polearms       | 1 2 3 4 5 6 7 |  7.7
Staves         | 1 2 3 4 5 6 7 |  7.7
Slings         | 1 2 3 4 5 6 7 |  7.7
Bows           | 1 2 3 4 5 6 7 |  7.7
Crossbows      | 1 2 3 4 5 6 7 |  7.7
Throwing       | 1 2 3 4 5 6 7 |  7.7
Armour         | 1 2 3 4 5 6 7 |  7.7
Dodging        | 1 2 3 4 5 6 7 |  7.7
Stealth        | 1 2 3 4 5 6 7 |  7.7
Shields        | 1 2 3 4 5 6 7 |  7.7
Unarmed Combat | 1 2 3 4 5 6 7 |  7.7
Evocations     | 1 2 3 4 5 6 7 |  7.7
Spellcasting   | 3 4 5 6 7 8 |  8.2
Conjurations   | 1 2 3 4 5 6 |  6.3
Hexes          | 1 2 3 4 5 6 |  6.3
Summonings     | 1 2 3 4 5 6 |  6.3
Necromancy     | 1 2 3 4 5 6 |  6.3
Translocations | 1 2 3 4 5 6 |  6.3
Transmutations | 1 2 3 4 5 6 |  6.3
Ice Magic      | 1 2 3 4 5 6 |  6.3
Air Magic      | 1 2 3 4 5 6 |  6.3
Earth Magic    | 1 2 3 4 5 6 |  6.3
Poison Magic   | 1 2 3 4 5 6 |  6.3
Fighting       | 7 8 9 10 | 10.1
Long Blades    | 7 8 9 10 | 10.1
Fire Magic     | 6 7 8 |  8.5

Action                   |  1- 3 |  4- 6 |  7- 9 | 10-12 || total
-------------------------+-------+-------+-------+-------++-------
Melee: Falchion          |    42 |    28 |       |       ||    70
       Bite              |     4 |     5 |    12 |    43 ||    64
       Whip              |       |    32 |    94 |   299 ||   425
       Punch             |       |     1 |     3 |     3 ||     7
Throw: Boomerang         |       |       |    19 |    37 ||    56
       Dart              |       |       |       |     1 ||     1
       Throwing net      |       |       |       |     1 ||     1
 Cast: Scorch            |    26 |    70 |   122 |   262 ||   480
       Call Imp          |       |       |     1 |       ||     1
       Wereblood         |       |       |     8 |    27 ||    35
       Mephitic Cloud    |       |       |       |     9 ||     9
       Ignite Poison     |       |       |       |     8 ||     8
       Ozocubu's Armour  |       |       |       |     1 ||     1
Invok: Fiery Armour      |       |     1 |     1 |     4 ||     6
       Rising Flame      |       |       |       |     1 ||     1
Evoke: Phantom mirror    |       |       |       |     1 ||     1
  Use: Scroll            |       |     4 |    12 |    11 ||    27
       Potion            |       |       |     1 |     7 ||     8
 Stab: Sleeping          |       |       |       |     1 ||     1
Armor: Robe              |    17 |    42 |     2 |       ||    61
       Leather armour    |       |       |    15 |       ||    15
       Troll leather arm |       |       |    13 |   157 ||   170
       Skin              |       |       |       |    22 ||    22
Dodge: Dodged            |    25 |    69 |    72 |   359 ||   525
Block: Buckler           |       |       |       |   116 ||   116

Table legend: (Time is in decaauts)
 A = Elapsed time spent in this place.
 B = Non-inter-level travel time spent in this place.
 C = Inter-level travel time spent in this place.
 D = Time resting spent in this place.
 E = Time spent auto-exploring this place.
 F = Levels seen in this place.
 G = Mean time per level.
                   A        B        C        D        E       F      G
               +--------+--------+--------+--------+--------+-----+--------+
         Total |  17188 |  16517 |    671 |   3938 |   9717 |  11 | 1562.5 |
       Dungeon |  14586 |  13995 |    591 |   3296 |   8386 |   9 | 1620.7 |
          Lair |   2602 |   2522 |     80 |    642 |   1330 |   2 | 1301.0 |
               +--------+--------+--------+--------+--------+-----+--------+

Top non-repeatable levels by time:
     D:9: 2085 daAuts
     D:7: 1833 daAuts
     D:4: 1821 daAuts
     D:3: 1769 daAuts
     D:5: 1649 daAuts
     D:1: 1515 daAuts
     D:8: 1512 daAuts
     D:2: 1406 daAuts
  Lair:2: 1332 daAuts
  Lair:1: 1269 daAuts
     D:6: 991 daAuts
